 Dungeon Crawl Stone Soup version 0.30-b1-2-g02819fbbbe (webtiles) character file.

Game seed: 13490994927070360633

998 Alarkh the Shooter (level 8, -3/62 HPs)
             Began as a Demonspawn Hexslinger on July 8, 2023.
             Killed by an exploding ice beast (21 damage)
             ... ignited by their inner flame
             ... on level 5 of the Dungeon.
             The game lasted 00:07:36 (4572 turns).

Alarkh the Shooter (Demonspawn Hexslinger)          Turns: 4572, Time: 00:07:38

Health: -3/62      AC:  7    Str: 11    XL:     8   Next: 0%
Magic:  9/9        EV: 16    Int: 16    God:
Gold:   189        SH:  0    Dex: 14    Spells: 5/9 levels left

rFire   . . .        a - +1 sling
rCold   . . .        (no shield)
rNeg    . . .        t - +0 ring mail
rPois   +            (no helmet)
rElec   .            (no cloak)
rCorr   .            (no gloves)
SInv    .            m - +1 pair of boots
Will    .....        (no amulet)
Stlth   +            x - +5 ring of evasion
HPRegen 0.30/turn    j - ring of poison resistance
MPRegen 0.22/turn

%: no passive effects
@: no status effects
A: magic regeneration, sturdy frame 1, weakness stinger 1
a: no special abilities


You were on level 5 of the Dungeon.
You visited 1 branch of the dungeon, and saw 5 of its levels.

You collected 189 gold pieces.

Inventory:

Hand Weapons
 a - a +1 sling (weapon)
 b - a +2 dagger of venom
 q - a +2 dagger of draining
Missiles
 v - a throwing net
Armour
 c - a +0 robe
 m - a +1 pair of boots (worn)
 s - the +0 leather armour of Inoethriu {+Blink rC- rCorr Dex+5}
   (You found it on level 3 of the Dungeon)

   Dex:       It affects your dexterity (+5).
   rC:        It makes you vulnerable to cold.
   +Blink:    It lets you blink.
   rCorr:     It protects you from acid and corrosion.
 t - a +0 ring mail (worn)
Magical Staves
 h - a staff of conjuration
Jewellery
 j - a ring of poison resistance (right hand)
 k - a +6 ring of dexterity
 x - a +5 ring of evasion (left hand)
Wands
 i - a wand of roots (11)
 p - a wand of flame (33)
Scrolls
 f - a scroll of torment
 g - a scroll of immolation
 l - a scroll of enchant armour
 o - 2 scrolls of teleportation
 r - a scroll of magic mapping
 w - a scroll of butterflies
Potions
 d - a potion of brilliance
 e - a potion of haste
 n - a potion of magic
 u - a potion of curing
 z - a potion of lignification {unknown}


   Skills:
 + Level 5.2 Fighting
 * Level 7.1 Ranged Weapons
 - Level 1.7 Dodging
 - Level 1.0 Spellcasting
 - Level 3.0 Hexes


You had 5 spell levels left.
You knew the following spells:

 Your Spells              Type           Power      Damage    Failure   Level
a - Slow                  Hex            40%        N/A       11%         1
b - Inner Flame           Hex/Fire       5%         N/A       50%         3

Your spell library contained the following spells:

 Spells                   Type           Power      Damage    Failure   Level
 Freeze                   Ice            0%         1d3       34%         1
 Portal Projectile        Hex/Tloc       10%        N/A       50%         3
 Frozen Ramparts          Ice            0%         1d1       71%         3
 Hailstorm                Conj/Ice       0%         3d3       71%         3
 Cause Fear               Hex            5%         N/A       71%         4
 Simulacrum               Ice/Necr       0%         N/A       100%        6
 Ozocubu's Refrigeration  Ice            0%         4d7       100%        7
 Polar Vortex             Ice            0%         N/A       100%        9


Dungeon Overview and Level Annotations

Branches:
Dungeon (5/15)
 Temple: D:4-7

Altars:
Cheibriados
Dithmenos
Gozag
Kikubaaqudgha
Makhleb
Yredelemnul

Annotations:
D:4 1 runed translucent door, Crazy Yiuf


Innate Abilities, Weirdness & Mutations

You regenerate magic rapidly.
Your movements are slightly less encumbered by armour. (ER -2)
You have a small tail.


Message History

The sling bullet hits the ice beast but does no damage.
The ice beast is moderately wounded.
The ice beast completely misses you.
You shoot a sling bullet.
The sling bullet hits the ice beast but does no damage.
The ice beast is moderately wounded.
The ice beast closely misses you. The ice beast hits you.
The ice beast freezes you.
You shoot a sling bullet.
The sling bullet barely misses the ice beast.
The sling bullet hits the ogre but does no damage.
The ogre is almost dead.
The ice beast completely misses you.
You shoot a sling bullet.
The sling bullet barely misses the ice beast.
The sling bullet hits the ogre.
You kill the ogre!
The ice beast hits you. The ice beast freezes you!
* * * LOW HITPOINT WARNING * * *
Your Ranged Weapons skill increases to level 7!
You have reached level 8!
You feel agile.
Your demonic ancestry asserts itself...
You feel less encumbered by your armour.
As you read the scroll labelled ETULAI SEZAT, it crumbles to dust.
The creatures around you are filled with an inner flame!
It was a scroll of immolation.
The ice beast misses you.
You shoot a sling bullet.
The sling bullet hits the ice beast but does no damage.
The ice beast is moderately wounded.
The ice beast misses you.
You shoot a sling bullet.
The sling bullet closely misses the ice beast.
The ice beast hits you but does no damage.
You shoot a sling bullet. The sling bullet hits the ice beast.
Flame seeps out of the ice beast.
The ice beast is moderately wounded.
The ice beast is engulfed in blazing flames.
The ice beast explodes!
The fiery explosion engulfs you!!
You die...

#.#..# ###. ##.#
#.#..#.....###### #.# #.#.....#
#.##.## #.# ######.#O#####
##.#.#.### ##+# ##...##...#
#...###..###... #.....#.###
#..## ##.##.... #.......##
#.#.###..#.....
#........########....#.#.......
+...........§○@................
####...#.#######.....###.......
##.##.# #..#†####.#..... ####.#
#.........##.... ###.#####
#.###########... #########
#.######## ##'# ##.....##
#........# #.#
##.PPP.####.######.# #.#
##...P.'.##.######.# ##.#


There were no monsters in sight!

Vanquished Creatures
  Prince Ribbit (D:5)
  Duvessa (D:4)
  An ice beast (D:5)
  2 ogres
  3 scorpions
  Dowan (D:4)
  2 jellies
  Ijyb (D:4)
  4 iguanas
  5 adders
  2 worms
  3 orcs
  10 ball pythons
  6 endoplasms
  2 giant cockroaches
  7 goblins
  5 hobgoblins
  7 jackals
  A quokka (D:2)
  6 bats
  3 frilled lizards
  6 kobolds
  4 rats
83 creatures vanquished.

Vanquished Creatures (others)
  11 plants (D:4)
11 creatures vanquished.

Grand Total: 94 creatures vanquished

Notes
Turn   | Place    | Note
-------+----------+-------------------------------------------
     0 | D:1      | Alarkh the Demonspawn Hexslinger began the quest for the
                  | Orb.
     0 | D:1      | Reached XP level 1. HP: 15/15 MP: 2/2
    98 | D:1      | Reached skill level 2 in Ranged Weapons
   157 | D:1      | Found a faded altar of an unknown god.
   158 | D:1      | Noticed a shining eye
   159 | D:1      | Noticed an eye of devastation
   160 | D:1      | Noticed a great orb of eyes
   160 | D:1      | Noticed an eye of devastation
   349 | D:1      | Gained mutation: You have a small tail. [demonic ancestry]
   349 | D:1      | Reached XP level 2. HP: 21/21 MP: 3/3
  1141 | D:2      | Reached XP level 3. HP: 27/27 MP: 4/4
  1261 | D:2      | Reached skill level 3 in Ranged Weapons
  1791 | D:3      | Found a shadowy altar of Dithmenos.
  2148 | D:3      | Reached XP level 4. HP: 33/33 MP: 5/5
  2593 | D:3      | Identified the +0 leather armour of Inoethriu {+Blink rC-
                  | rCorr Dex+5}
  2926 | D:4      | Found a runed translucent door.
  2927 | D:4      | Noticed Crazy Yiuf
  2942 | D:4      | Noticed an ogre
  2953 | D:4      | Killed an ogre
  2954 | D:4      | Reached skill level 4 in Ranged Weapons
  2954 | D:4      | Reached XP level 5. HP: 41/41 MP: 6/6
  2996 | D:4      | Noticed Ijyb
  3002 | D:4      | Learned a level 3 spell: Inner Flame
  3043 | D:4      | Killed Ijyb
  3057 | D:4      | Reached XP level 6. HP: 31/47 MP: 7/7
  3140 | D:4      | Found an opulent altar of Gozag.
  3259 | D:4      | Noticed Dowan
  3261 | D:4      | Noticed Duvessa
  3387 | D:4      | Killed Dowan
  3388 | D:4      | Reached skill level 5 in Ranged Weapons
  3515 | D:4      | Killed Duvessa
  3958 | D:5      | Entered Level 5 of the Dungeon
  3972 | D:5      | Found a snail-covered altar of Cheibriados.
  3984 | D:5      | Found a basalt altar of Yredelemnul.
  3991 | D:5      | Found a burning altar of Makhleb.
  4027 | D:5      | Gained mutation: You regenerate magic rapidly. [demonic
                  | ancestry]
  4027 | D:5      | Reached XP level 7. HP: 42/54 MP: 8/8
  4077 | D:5      | Noticed Prince Ribbit
  4091 | D:5      | Killed Prince Ribbit
  4092 | D:5      | Reached skill level 6 in Ranged Weapons
  4418 | D:5      | Reached skill level 5 in Fighting
  4476 | D:5      | Found an ancient bone altar of Kikubaaqudgha.
  4569 | D:5      | Reached skill level 7 in Ranged Weapons
  4569 | D:5      | Gained mutation: Your movements are slightly less
                  | encumbered by armour. (ER -2) [demonic ancestry]
  4569 | D:5      | Reached XP level 8. HP: 17/62 MP: 9/9
  4572 | D:5      | Killed by an exploding ice beast... ignited by their inner
                  | flame

Illustrated notes

Levels and vault maps discovered:
D:1:      psy_arrival_radial01, layout_loops_ring,
          hellmonk_ecumenical_altar_watching_god
D:2:      layout_basic, basic_altar, minmay_misc_feat_x
D:3:      minmay_recursive_quarters, layout_basic,
          nicolae_dithmenos_shadow_blocks
D:4:      layout_rooms, nicolae_gozag_seed_capital, serial_bayou_lagoon_b,
          uniq_duvessa, uniq_crazy_yiuf_cottage, uniq_ijyb
D:5:      minmay_evil_eye, layout_loops_corners,
          grunt_temple_overflow_cloverleaf, mainiacjoe_overflow_alcove_4,
          mainiacjoe_overflow_swirl, uniq_prince_ribbit1

Skill      XL: |  1  2  3  4  5  6  7 |
---------------+----------------------+-----
Ranged Weapons | 2 3 4 5 7 |  7.1
Fighting       | 2 3 4 5 |  5.2
Dodging        | |  1.7
Spellcasting   | |  1.0
Hexes          | |  3.0

Action                     |  1- 3 |  4- 6 |  7- 9 || total
---------------------------+-------+-------+-------++-------
  Melee: Dagger            |       |       |    32 ||    32
         Tailslap          |       |       |     8 ||     8
         Punch             |       |       |     1 ||     1
   Fire: Sling             |   141 |   155 |    46 ||   342
  Evoke: Wand              |       |     5 |       ||     5
    Use: Scroll            |     4 |     9 |     3 ||    16
         Potion            |     1 |     3 |       ||     4
 Armour: Robe              |    13 |    12 |       ||    25
         Ring mail         |       |     9 |    11 ||    20
  Dodge: Dodged            |    30 |    48 |    40 ||   118
